 Dungeon Crawl Stone Soup version 0.31-a0-161-gb58dd9be76 (webtiles) character file.

Game seed: 5417592838710688426

1162 qw the Cleaver (level 8, 0/51 HPs)
             Began as a Gargoyle Fighter on June 12, 2023.
             Slain by Duvessa
             ... wielding a +2 short sword of electrocution
              (3 damage)
             ... on level 5 of the Dungeon.
             The game lasted 00:02:13 (4024 turns).

qw the Cleaver (Gargoyle Fighter)                   Turns: 4024, Time: 00:02:14

Health: 0/51       AC: 16    Str: 22      XL:     8   Next: 40%
Magic:  8/8        EV: 13    Int:  9      God:
Gold:   185        SH:  8    Dex:  4 (7)  Spells: 7/7 levels left

rFire   + . .        Y - +1 war axe
rCold   . . .        c - +0 buckler
rNeg    + . .        e - +0 chain mail
rPois   inf          g - +1 helmet
rElec   +            (no cloak)
rCorr   .            (no gloves)
SInv    .            (no boots)
Will    .....        p - amulet of reflection Stlth
                     i - ring of protection from fire
HPRegen 0.28/turn    m - +5 ring of evasion
MPRegen 0.11/turn

%: reflection
@: no status effects
A: sickness immunity, AC +5, negative energy resistance 1, electricity
resistance, torment resistance 1, petrification resistance, clumsy 1
a: no special abilities


You were on level 5 of the Dungeon.
You visited 1 branch of the dungeon, and saw 5 of its levels.

You collected 185 gold pieces.


Innate Abilities, Weirdness & Mutations

You are immune to sickness and miasma.
Your stone body is resilient. (AC +5)
You are immune to poison.
You resist negative energy. (rN+)
You are resistant to electric shocks. (rElec)
You are resistant to unholy torment.
You are immune to petrification.
You are clumsy. (Dex -2)


   Skills:
 + Level 5.8 Fighting
 - Level 8.0 Axes
 - Level 1.0 Throwing
 - Level 3.2 Armour
 - Level 3.2 Shields


You had 7 spell levels left.
You didn't know any spells.
Your spell library was empty.

Inventory:

Hand Weapons
 b - a +0 flail
 Y - a +1 war axe (weapon)
Missiles
 h - 4 silver boomerangs (quivered)
 l - 2 boomerangs
Armour
 c - a +0 buckler (worn)
 e - a +0 chain mail (worn)
 g - a +1 helmet (worn)
Jewellery
 f - a ring of fire
 i - a ring of protection from fire (left hand)
 m - a +5 ring of evasion (right hand)
 p - an amulet of reflection (around neck)
Scrolls
 n - a scroll of identify
Potions
 a - a potion of curing {unknown}
 d - a potion of might
 j - a potion of magic {unknown}
 k - a potion of resistance {unknown}
 o - a potion of attraction {unknown}
 q - a potion of cancellation {unknown}
 s - a potion of brilliance {unknown}

Dungeon Overview and Level Annotations

Branches:
Dungeon (5/15)
 Temple: D:4-7

Altars:
Cheibriados

Annotations:
D:5 Duvessa


Message History

Duvessa is moderately wounded.
You block Duvessa's attack. Duvessa hits you but does no damage.
You hit Duvessa.
Duvessa is moderately wounded.
Duvessa hits you with a +2 short sword of electrocution!
You barely miss Duvessa.
Duvessa is moderately wounded.
Duvessa hits you but does no damage.
Duvessa hits you with a +2 short sword of electrocution.
You hit Duvessa.
Duvessa is heavily wounded.
Duvessa barely misses you. You block Duvessa's attack.
You slash Duvessa!
Duvessa is severely wounded.
You block Duvessa's attack.
You hit Duvessa.
Duvessa is severely wounded.
You block Duvessa's attack. Duvessa barely misses you.
You barely miss Duvessa.
Duvessa is severely wounded.
Duvessa misses you. Duvessa barely misses you.
You hit Duvessa.
Duvessa is almost dead.
Duvessa hits you with a +2 short sword of electrocution.
You completely miss Duvessa.
Duvessa is almost dead.
Duvessa hits you with a +2 short sword of electrocution.
Duvessa barely misses you.
You hit Duvessa.
Duvessa is almost dead.
You block Duvessa's attack.
Duvessa hits you with a +2 short sword of electrocution!!
You hit Duvessa but do no damage.
Duvessa is almost dead.
Duvessa hits you but does no damage.
Duvessa hits you with a +2 short sword of electrocution!
You barely miss Duvessa.
Duvessa is almost dead.
Duvessa hits you with a +2 short sword of electrocution.
You die...

.# .# .#
.# ##.#
###..#
#.#e@.#
#..)..#
#..###.#
#.$ #.#
#.. #.#
..
#####.#
.
#.....#
#.....#
#.....#
#.#


You could see Duvessa (berserk, fast).

Vanquished Creatures
  Menkaure (D:4)
  An ice beast (D:5)
  A black bear (D:3)
  An ogre (D:4)
  A phantom (D:4)
  2 scorpions
  Dowan (D:5)
  3 hounds
  An orc priest (D:3)
  A gnoll bouda (D:5)
  An iron imp (D:4)
  An iguana (D:4)
  Natasha (thrice) (D:4)
  2 orc wizards (D:4)
  Robin (D:2)
  7 adders
  3 gnolls (D:5)
  2 worms (D:2)
  4 dart slugs
  12 orcs
  8 ball pythons
  7 endoplasms
  3 giant cockroaches
  14 goblins
  14 hobgoblins
  4 jackals
  3 quokkas
  3 bats
  7 kobolds
  5 rats
117 creatures vanquished.

Notes
Turn   | Place    | Note
-------+----------+-------------------------------------------
     0 | D:1      | qw the Gargoyle Fighter began the quest for the Orb.
     0 | D:1      | Reached XP level 1. HP: 14/14 MP: 1/1
     0 | D:1      | 0 ||| qw: Version: 0.2-a-29-gc1b59c4
     0 | D:1      | 0 ||| qw: Game counter: 4216
     0 | D:1      | 0 ||| qw: Always use a shield: true
     0 | D:1      | 0 ||| qw: God list: Okawaru
     0 | D:1      | 0 ||| qw: Allow faded altars: false
     0 | D:1      | 0 ||| qw: Do Orc after D:15 true
     0 | D:1      | 0 ||| qw: Do second Lair branch before Depths: true
     0 | D:1      | 0 ||| qw: Lair rune preference: random
     0 | D:1      | 0 ||| qw: Plans: Normal, Zot:1-4, Slime:5, God:TSO, Crypt,
                  | Tomb, Abyss, Pan, Hells, Win
     0 | D:1      | 0 ||| PLANNING D:1-11
   100 | D:1      | Reached skill level 2 in Axes
   255 | D:1      | Reached XP level 2. HP: 19/19 MP: 2/2
   451 | D:1      | Reached skill level 3 in Axes
   468 | D:1      | Reached XP level 3. HP: 23/23 MP: 3/3
   934 | D:1      | 934 ||| UPGRADING to amulet of the acrobat.
   939 | D:1      | 939 ||| UPGRADING to ring of protection from fire.
   940 | D:1      | 940 ||| READING scroll labelled CUMPAL VIY.
   945 | D:1      | 945 ||| READING scroll labelled BEXUDI JEC XOU.
   946 | D:1      | 946 ||| READING scroll labelled ADAMODD YPION.
  1120 | D:2      | 1120 ||| Stepping ~*~*~tactically~*~*~ (hiding).
  1263 | D:2      | 1263 ||| Stepping ~*~*~tactically~*~*~ (stealth).
  1264 | D:2      | 1264 ||| Stepping ~*~*~tactically~*~*~ (stealth).
  1318 | D:2      | Reached XP level 4. HP: 23/28 MP: 4/4
  1324 | D:2      | 1324 ||| FLEEEEING.
  1325 | D:2      | 1325 ||| FLEEEEING.
  1326 | D:2      | 1326 ||| FLEEEEING.
  1327 | D:2      | 1327 ||| FLEEEEING.
  1328 | D:2      | 1328 ||| FLEEEEING.
  1349 | D:2      | 1349 ||| Stepping ~*~*~tactically~*~*~ (hiding).
  1458 | D:2      | 1458 ||| DROPPING +0 club.
  1472 | D:2      | Reached skill level 4 in Axes
  1482 | D:2      | Noticed Robin
  1491 | D:2      | Killed Robin
  2118 | D:2      | 2118 ||| UPGRADING to +0 chain mail.
  2128 | D:2      | 2128 ||| DROPPING +0 scale mail.
  2129 | D:2      | 2129 ||| UPGRADING to +1 helmet.
  2134 | D:2      | 2134 ||| UPGRADING to amulet of reflection.
  2144 | D:2      | 2144 ||| DROPPING amulet of the acrobat.
  2145 | D:2      | 2145 ||| UPGRADING to +5 ring of evasion.
  2146 | D:2      | 2146 ||| READING scroll labelled MOJOER DIUHIURGH.
  2147 | D:2      | 2147 ||| READING 3 scrolls labelled DERGHO RUSHAGYX.
  2148 | D:2      | 2148 ||| DROPPING 2 scrolls of vulnerability.
  2261 | D:3      | Reached XP level 5. HP: 32/32 MP: 5/5
  2346 | D:3      | Noticed a black bear
  2357 | D:3      | Killed a black bear
  2358 | D:3      | Reached skill level 5 in Axes
  2358 | D:3      | Reached XP level 6. HP: 21/37 MP: 6/6
  2636 | D:3      | 2636 ||| Stepping ~*~*~tactically~*~*~ (stealth).
  2696 | D:3      | 2696 ||| Stepping ~*~*~tactically~*~*~ (stealth).
  2697 | D:3      | 2697 ||| Stepping ~*~*~tactically~*~*~ (stealth).
  2808 | D:3      | 2808 ||| DROPPING +0 whip of flaming.
  2974 | D:3      | 2974 ||| DRINKING 2 metallic sapphire potions.
  2974 | D:3      | Gained mutation: You sometimes lose your temper in combat.
                  | [potion of mutation]
  2974 | D:3      | Gained mutation: You have sharp toenails. [potion of
                  | mutation]
  2974 | D:3      | Gained mutation: You have an uncontrollable temper. [potion
                  | of mutation]
  2974 | D:3      | Gained mutation: Your muscles are strong. (Str +4, Int/Dex
                  | -1) [potion of mutation]
  2975 | D:3      | 2975 ||| DRINKING potion of mutation.
  2975 | D:3      | Lost mutation: You have sharp toenails. [potion of
                  | mutation]
  2975 | D:3      | Lost mutation: Your muscles are strong. (Str +4, Int/Dex
                  | -1) [potion of mutation]
  2975 | D:3      | Lost mutation: You have an uncontrollable temper. [potion
                  | of mutation]
  2975 | D:3      | Lost mutation: You sometimes lose your temper in combat.
                  | [potion of mutation]
  2975 | D:3      | Gained mutation: You are clumsy. (Dex -2) [potion of
                  | mutation]
  3002 | D:4      | Found a snail-covered altar of Cheibriados.
  3069 | D:4      | Noticed Menkaure
  3079 | D:4      | Killed Menkaure
  3080 | D:4      | Reached skill level 6 in Axes
  3080 | D:4      | Reached XP level 7. HP: 21/43 MP: 7/7
  3244 | D:4      | 3244 ||| Stepping ~*~*~tactically~*~*~ (stealth).
  3245 | D:4      | 3245 ||| Stepping ~*~*~tactically~*~*~ (stealth).
  3257 | D:4      | Noticed Natasha
  3258 | D:4      | 3258 ||| Stepping ~*~*~tactically~*~*~ (hiding).
  3268 | D:4      | Killed Natasha
  3301 | D:4      | 3301 ||| FLEEEEING.
  3302 | D:4      | Noticed Natasha
  3303 | D:4      | 3303 ||| FLEEEEING.
  3372 | D:4      | Reached skill level 7 in Axes
  3416 | D:4      | 3416 ||| Stepping ~*~*~tactically~*~*~ (stealth).
  3513 | D:4      | 3513 ||| READING scroll labelled BAGEK HUOMIC.
  3515 | D:4      | 3515 ||| READING scroll labelled VIRUNU CUUT.
  3516 | D:4      | 3516 ||| READING scroll labelled ECYREN HADGHOROM.
  3517 | D:4      | 3517 ||| DRINKING 3 silvery potions.
  3518 | D:4      | 3518 ||| DROPPING 2 potions of degeneration.
  3540 | D:4      | Reached XP level 8. HP: 28/49 MP: 8/8
  3546 | D:4      | Killed Natasha
  3561 | D:4      | Noticed Natasha
  3570 | D:4      | Killed Natasha
  3730 | D:5      | Entered Level 5 of the Dungeon
  3807 | D:5      | Reached skill level 1 in Throwing
  3813 | D:5      | 3813 ||| Stepping ~*~*~tactically~*~*~ (stealth).
  3816 | D:5      | 3816 ||| Stepping ~*~*~tactically~*~*~ (hiding).
  3865 | D:5      | Reached skill level 8 in Axes
  3999 | D:5      | Noticed Duvessa
  4000 | D:5      | Noticed Dowan
  4001 | D:5      | 4001 ||| Stepping ~*~*~tactically~*~*~ (stealth).
  4012 | D:5      | Killed Dowan
  4022 | D:5      | HP: 9/51 [Duvessa/+2 short sword of electrocution (18)]
  4023 | D:5      | HP: 2/51 [Duvessa/+2 short sword of electrocution (7)]
  4024 | D:5      | Slain by Duvessa

Levels and vault maps discovered:
D:1:      heliophobic_arrival_dark_side_of_the_moon, layout_loops_ring
D:2:      minmay_skewed_foursquare, layout_basic, serial_bayou_lagoon_a,
          uniq_crazy_yiuf_cottage, uniq_robin
D:3:      layout_loops_cross
D:4:      layout_rooms, slow_altar_1, minmay_a_box_with_orc_wizards_in_it,
          uniq_menkaure, uniq_natasha
D:5:      layout_basic, uniq_duvessa

Skill      XL: |  1  2  3  4  5  6  7  8 |
---------------+-------------------------+-----
Axes           | 2 3 4 5 6 7 8 |  8.0
Fighting       | 4 5 |  5.8
Throwing       | 1 |  1.0
Armour         | |  3.2
Shields        | |  3.2

Action                     |  1- 3 |  4- 6 |  7- 9 || total
---------------------------+-------+-------+-------++-------
  Melee: War axe           |   113 |   137 |   162 ||   412
  Throw: Boomerang         |       |       |    12 ||    12
    Use: Scroll            |     3 |     2 |     3 ||     8
         Potion            |       |     2 |     1 ||     3
 Armour: Scale mail        |    56 |    21 |       ||    77
         Chain mail        |       |    42 |    69 ||   111
  Dodge: Dodged            |    56 |    75 |    84 ||   215
  Block: Buckler           |    25 |    46 |    52 ||   123
         Reflection        |       |       |     1 ||     1

Table legend:
 A = Non-vault XP
 B = Vault XP
 C = Vault XP percentage of total XP
 D = Non-vault monster count
 E = Vault monster count
 F = Vault count percentage of total count
                 A         B        C        D         E       F
            +---------+---------+-------+---------+---------+-------
      Total |    1276 |     385 |  23.2 |      95 |      22 |  18.8
            +---------+---------+-------+---------+---------+-------
        D:1 |      40 |       0 |   0.0 |      21 |       0 |   0.0
        D:2 |      64 |      44 |  40.7 |      19 |      17 |  47.2
        D:3 |     283 |       0 |   0.0 |      18 |       0 |   0.0
        D:4 |     589 |     274 |  31.7 |      29 |       4 |  12.1
        D:5 |     300 |      67 |  18.3 |       8 |       1 |  11.1
            +---------+---------+-------+---------+---------+-------
